 Dungeon Crawl Stone Soup version 0.30-a0-591-g3c58d2bc28 (webtiles) character file.

Game seed: 9396422658478831688

25 Leeroy the Insei (level 3, -1/26 HPs)
             Began as a Merfolk Transmuter on Jan 5, 2023.
             Slain by a hobgoblin (3 damage)
             ... on level 1 of the Dungeon.
             The game lasted 00:01:10 (1072 turns).

Leeroy the Insei (Merfolk Transmuter)               Turns: 1072, Time: 00:01:10

Health: -1/26      AC:  2    Str: 10    XL:     3   Next: 4%
Magic:  4/6        EV: 12    Int: 14    God:
Gold:   48         SH:  0    Dex: 14    Spells: 5/6 levels left

rFire   . . .      SeeInvis .      - Unarmed
rCold   . . .      Faith    .    (no shield)
rNeg    . . .      Spirit   .    a - +0 robe
rPois   .          Reflect  .    (helmet currently unavailable)
rElec   .          Harm     .    (no cloak)
rCorr   .          Rampage  .    (no gloves)
Will    .....                    (boots currently unavailable)
Stlth   +                        (no amulet)
HPRegen 0.24/turn                (no ring)
MPRegen 0.10/turn                (no ring)

@: lethally poisoned (-1 -> -2), appendages (expiring)
A: horns 2, (nimble swimmer 2), mertail
a: End Transformation


You were on level 1 of the Dungeon.
You had temporarily grown beastly horns.
You visited 1 branch of the dungeon, and saw 2 of its levels.

You collected 48 gold pieces.

Inventory:

Missiles
 f - 4 poisoned darts
Armour
 a - a +0 robe (worn)
Scrolls
 g - a scroll of fog {unknown}
Potions
 b - 2 potions of lignification
 c - 2 potions of flight {unknown}
 d - a potion of cancellation {unknown}
 e - 3 potions of brilliance {unknown}


   Skills:
 - Level 1.1 Fighting
 - Level 2.6 Dodging
 + Level 4.5 Unarmed Combat
 - Level 2.0 Spellcasting
 - Level 2.6 Transmutations


You had 5 spell levels left.
You knew the following spells:

 Your Spells              Type           Power      Damage    Failure   Level
a - Beastly Appendage     Tmut           16%        N/A       8%          1

Your spell library contained the following spells:

 Spells                   Type           Power      Damage    Failure   Level
 Wereblood                Tmut           8%         N/A       12%         2
 Sting                    Tmut/Pois      20%        1d4       14%         1
 Necrotise                Necr           4%         1d4       24%         1
 Poisonous Vapours        Pois/Air       2%         N/A       34%         2
 Spider Form              Tmut/Pois      5%         N/A       38%         3
 Vampiric Draining        Necr           1%         2d6       56%         3
 Ice Form                 Ice/Tmut       5%         N/A       80%         4
 Olgreb's Toxic Radiance  Pois           1%         N/A       93%         4
 Summon Ice Beast         Ice/Summ       1%         N/A       93%         4
 Agony                    Necr           1%         N/A       100%        5
 Summon Mana Viper        Hex/Summ       1%         N/A       100%        5
 Monstrous Menagerie      Summ           0%         N/A       100%        7


Dungeon Overview and Level Annotations

Branches:
Dungeon (2/15)

Altars:


Innate Abilities, Weirdness & Mutations

You have temporarily grown beastly horns.
((You are very nimble when in or above water. (Stealth+, EV+, Speed+++)))
Your lower body shifts to a powerful aquatic tail in water.


Message History

You feel sick. The hobgoblin closely misses you.
You barely miss the hobgoblin.
The hobgoblin is lightly wounded.
You feel sick.
You are no longer poisoned.
The hobgoblin barely misses you.
You hit the hobgoblin. You headbutt the hobgoblin.
You kill the hobgoblin!
The adder closely misses you.
You hit the adder.
The adder is severely wounded.
The adder bites you but does no damage.
You hit the adder.
You headbutt the adder, but do no damage.
The adder is almost dead.
The adder barely misses you.
You barely miss the adder.
The adder is almost dead.
Your transformation is almost over.
The adder bites you.
* * * LOW HITPOINT WARNING * * *
You are lethally poisoned!
The adder poisons you!
You hit the adder.
You kill the adder!
* * * LOW HITPOINT WARNING * * *
You feel sick.
You have reached level 3!
Your experience leads to an increase in your attributes!
Increase (S)trength, (I)ntelligence, or (D)exterity?
You feel clever. x2
You hit the hobgoblin but do no damage.
* * * LOW HITPOINT WARNING * * *
You feel sick. The hobgoblin barely misses you.
Okay, then.
You hit the hobgoblin. Your headbutt misses the hobgoblin.
The hobgoblin is heavily wounded.
* * * LOW HITPOINT WARNING * * *
You feel sick. The hobgoblin hits you.
You die...

.###.# .# #.# .# #.# ############
.# #.########## ######...........
.# #..........# #................
.# ##########.# #.####.#....##.##
.######### #.# #......+.......##
.#.......# #.#######.##........#
.#.......# #..g@.....##.........
.#.......# #..#####..##.........
.#.......# #.>....#.............
.........# #....................
.........# #....)...............
........#####..#####...........##
...................'...........#
.............#.#####...........##
.............#...###.............


You could see a hobgoblin.

Vanquished Creatures
  An adder (D:1)
  A dart slug (D:1)
  An endoplasm (D:1)
  A giant cockroach (D:1)
  A goblin (D:1)
  A hobgoblin (D:1)
  2 ball pythons (D:1)
  A bat (D:1)
  2 frilled lizards (D:1)
  2 kobolds (D:1)
  2 rats (D:1)
15 creatures vanquished.

Notes
Turn   | Place    | Note
-------+----------+-------------------------------------------
     0 | D:1      | Leeroy the Merfolk Transmuter began the quest for the Orb.
     0 | D:1      | Reached XP level 1. HP: 15/15 MP: 3/3
   449 | D:1      | Reached XP level 2. HP: 21/21 MP: 5/5
   459 | D:1      | Reached skill level 4 in Unarmed Combat
  1071 | D:1      | Reached XP level 3. HP: 4/26 MP: 4/6
  1072 | D:1      | Slain by a hobgoblin

Illustrated notes

Levels and vault maps discovered:
D:1:      giann_forest_graveyard, layout_basic
D:2:      layout_basic, serial_shops, shop_coins, shop_coins,
          nicolae_lakefront_shop, chequers_serial_rivers_micro_a, minivault_19,
          chequers_serial_rivers_micro_a

Skill      XL: |  1  2 |
---------------+-------+-----
Unarmed Combat | 4 |  4.5
Fighting       | |  1.1
Dodging        | |  2.6
Spellcasting   | |  2.0
Transmutations | |  2.6

Action                   || total
-------------------------++-------
Melee: Unarmed           ||    51
       Headbutt          ||     2
 Cast: Beastly Appendage ||     1
Armor: Robe              ||    11
Dodge: Dodged            ||    23

Table legend: (Time is in decaauts)
 A = Elapsed time spent in this place.
 B = Non-inter-level travel time spent in this place.
 C = Inter-level travel time spent in this place.
 D = Time resting spent in this place.
 E = Time spent auto-exploring this place.
 F = Levels seen in this place.
 G = Mean time per level.
                   A        B        C        D        E       F      G
               +--------+--------+--------+--------+--------+-----+--------+
         Total |   1069 |   1044 |     25 |      0 |    917 |   2 |  534.5 |
       Dungeon |   1069 |   1044 |     25 |      0 |    917 |   2 |  534.5 |
               +--------+--------+--------+--------+--------+-----+--------+

Top non-repeatable levels by time:
     D:1: 1063 daAuts
     D:2: 5 daAuts
